Map: Ujari

Players

IlIlIlIl

  • Race: Terran Terran
  • Spawn Location: 9:00

Talen

  • Race: Zerg Zerg
  • League: Platinum
  • Spawn Location: 9:00

llllllllllll

  • Race: Protoss Protoss
  • League: Silver
  • Spawn Location: 0:00

Loken

  • Race: Zerg Zerg
  • League: Platinum
  • Spawn Location: 3:00

dallaskuken

  • Race: Protoss Protoss
  • League: Platinum
  • Spawn Location: 0:00

Myran

  • Race: Protoss Protoss
  • Spawn Location: 3:00

VOD

Have the link to the VOD?

Description

Time

  • Played on: March 14, 2017, 5:46 p.m.
  • Length: 5:56
Show
View Real Time Build Order
Export as new Build Order

IlIlIlIl Terran 

Build Orders:  

Get SALT Encoding   

  12  0:01  SCV  
  13  0:13  SCV  
  14  0:22  Supply Depot  
  14  0:47  Barracks  
  14  0:53  Barracks  
  14  1:08  Barracks  
  14  1:14  SCV  
  15  1:34  Marine  
  15  1:37  SCV  
  17  1:40  Marine, Supply Depot  
  18  1:52  Marine  
  19  1:55  Marine  
  19  1:58  Marine  
  21  2:10  Marine  
  21  2:12  Refinery  
  21  2:13  Marine  
  23  2:16  Marine  
  24  2:28  Marine  
  25  2:31  Marine  
  25  2:34  Marine  
  27  2:46  Marine  
  27  2:49  Marine, Supply Depot  
  29  2:52  Marine  
  30  3:04  Marine  
  30  3:16  Marine x2  
  32  3:21  Marine  
  33  3:33  Marine  
  33  3:34  Marine  
  34  3:39  Marine  
  30  3:51  Marine x2  
  28  3:57  Marine  
  28  4:09  Marine x2  
  30  4:15  Marine  
  29  4:27  Marine x2  
  27  4:33  Marine  
  27  4:45  Marine x2  
  29  4:50  Marine  
  29  5:03  Marine x2  
  28  5:08  Marine  
  28  5:17  SCV  
  28  5:20  Marine  
  28  5:21  Marine  
  30  5:26  Marine  
  31  5:29  SCV  
Show
View Real Time Build Order
Export as new Build Order

Talen Zerg 

Build Orders: Hatch First 

Get SALT Encoding   

  12  0:01  Drone  
  13  0:13  Overlord  
  13  0:18  Drone  
  14  0:23  Extractor  
  14  0:25  Drone  
  15  0:33  Drone  
  16  0:37  Drone  
  17  0:59  Hatchery  
  16  1:04  Drone  
  16  1:05  Extractor  
  16  1:14  Spawning Pool  
  16  1:18  Drone  
  16  1:22  Drone  
  17  1:26  Drone  
  18  1:42  Overlord  
  18  2:03  Zergling x6  
  18  2:06  Queen  
  23  2:12  Queen  
  23  2:13  Zergling x2  
  26  2:19  Metabolic Boost  
  26  2:27  Zergling x4  
  29  2:30  Zergling x2  
  29  2:41  Zergling x2  
  29  2:42  Zergling x2  
  31  2:53  Overlord  
  31  3:03  Zergling x2  
  31  3:04  Zergling x4  
  32  3:21  Zergling x2  
  32  3:22  Zergling x6  
  32  3:23  Zergling x8  
  40  3:37  Zergling x2  
  40  3:38  Zergling x6  
  42  4:02  Zergling x2  
  40  4:03  Zergling x6  
  37  4:20  Zergling x2  
  37  4:21  Zergling x2  
  31  4:46  Zergling x6  
  31  4:47  Zergling x4  
  32  5:04  Zergling x2  
  32  5:05  Zergling x12  
  36  5:34  Zergling x10  
  41  5:38  Drone  
Show
View Real Time Build Order
Export as new Build Order

llllllllllll Protoss 

Build Orders: Nexus First, Carrier Rush 

Get SALT Encoding   

  12  0:01  Probe (Chrono Boost)  
  13  0:14  Pylon  
  13  0:23  Probe (Chrono Boost)  
  14  0:34  Probe (Chrono Boost)  
  15  0:44  Probe (Chrono Boost)  
  16  1:01  Nexus  
  16  1:05  Probe (Chrono Boost)  
  17  1:16  Gateway  
  17  1:21  Assimilator  
  17  1:24  Probe (Chrono Boost)  
  18  1:35  Probe (Chrono Boost)  
  19  1:45  Probe (Chrono Boost)  
  20  2:00  Probe (Chrono Boost)  
  21  2:03  Cybernetics Core  
  21  2:09  Assimilator  
  21  2:17  Probe (Chrono Boost)  
  21  2:21  Probe (Chrono Boost)  
  23  2:28  Probe (Chrono Boost)  
  24  2:31  Probe (Chrono Boost)  
  24  2:35  Pylon  
  25  2:42  Mothership Core (Chrono Boost)  
  27  2:50  Assimilator  
  27  2:54  Probe (Chrono Boost)  
  27  2:55  Assimilator  
  28  2:59  Stargate  
  28  3:05  Probe (Chrono Boost)  
  29  3:16  Probe x2 (Chrono Boost)  
  31  3:25  Stargate  
  31  3:38  Probe (Chrono Boost)  
  32  3:45  Fleet Beacon  
  32  3:48  Probe (Chrono Boost)  
  32  3:53  Stargate  
  33  3:59  Pylon  
  33  4:13  Probe (Chrono Boost)  
  34  4:18  Carrier  
  34  4:23  Pylon  
  35  4:25  Probe (Chrono Boost)  
  42  4:39  Probe (Chrono Boost)  
  42  4:51  Probe (Chrono Boost)  
  43  4:57  Probe (Chrono Boost)  
  44  5:03  Probe (Chrono Boost)  
  57  5:39  Pylon  
  57  5:47  Pylon  
Show
View Real Time Build Order
Export as new Build Order

Loken Zerg 

Build Orders: Hatch First 

Get SALT Encoding   

  12  0:01  Drone  
  13  0:09  Drone  
  14  0:19  Overlord  
  14  0:39  Drone x3  
  17  1:02  Drone  
  17  1:04  Drone  
  19  1:08  Hatchery  
  18  1:11  Drone  
  19  1:23  Drone  
  20  1:29  Spawning Pool  
  19  1:35  Extractor  
  18  1:45  Drone x2  
  20  1:54  Overlord  
  20  2:18  Roach Warren  
  20  2:20  Drone x2  
  21  2:29  Drone x2, Extractor  
  22  2:38  Drone  
  22  2:43  Drone  
  24  2:45  Drone  
  25  2:55  Drone x2  
  25  2:56  Queen  
  25  2:57  Queen  
  31  3:03  Drone  
  31  3:04  Drone  
  33  3:12  Roach  
  35  3:21  Overlord  
  35  3:42  Roach x2  
  35  3:43  Roach x2  
  36  4:04  Roach x4  
  36  4:25  Roach  
  36  4:26  Roach, Zergling x2  
  36  4:27  Zergling x6  
  30  4:47  Zergling x10  
  23  5:11  Spine Crawler  
  23  5:13  Spine Crawler  
  19  5:16  Spine Crawler  
  19  5:17  Spine Crawler x2  
  19  5:20  Spine Crawler  
  12  5:27  Drone x3  
  15  5:31  Extractor  
  15  5:33  Roach Warren  
  13  5:35  Spawning Pool  
Show
View Real Time Build Order
Export as new Build Order

dallaskuken Protoss 

Build Orders:  

Get SALT Encoding   

  12  0:01  Probe (Chrono Boost)  
  13  0:12  Probe (Chrono Boost)  
  14  0:22  Probe (Chrono Boost)  
  14  0:25  Pylon  
  15  0:43  Probe (Chrono Boost)  
  16  0:54  Probe (Chrono Boost)  
  17  1:06  Probe (Chrono Boost)  
  18  1:11  Gateway  
  18  1:13  Gateway  
  18  1:16  Probe (Chrono Boost)  
  19  1:21  Assimilator  
  19  1:27  Probe (Chrono Boost)  
  20  1:37  Probe (Chrono Boost)  
  20  1:39  Pylon  
  21  1:48  Probe (Chrono Boost)  
  22  1:59  Cybernetics Core, Probe (Chrono Boost)  
  23  2:09  Zealot, Probe (Chrono Boost)  
  23  2:11  Zealot  
  28  2:17  Assimilator  
  28  2:20  Probe (Chrono Boost)  
  29  2:30  Probe (Chrono Boost)  
  30  2:41  Probe (Chrono Boost)  
  30  2:42  Nexus  
  31  2:46  Warp Gate  
  31  2:48  Pylon  
  31  2:57  Pylon  
  31  3:09  Mothership Core (Chrono Boost)  
  31  3:11  Zealot  
  33  3:13  Zealot  
  33  4:00  Stalker  
  19  4:31  Mothership Core (Chrono Boost)  
  4  5:25  Mothership Core (Chrono Boost)  
  2  5:45  Probe (Chrono Boost)  
Show
View Real Time Build Order
Export as new Build Order

Myran Protoss 

Build Orders:  

Get SALT Encoding   

  12  0:02  Probe (Chrono Boost)  
  13  0:12  Probe (Chrono Boost)  
  14  0:25  Probe (Chrono Boost)  
  14  0:26  Pylon  
  15  0:44  Probe (Chrono Boost)  
  15  0:48  Gateway  
  16  0:54  Probe (Chrono Boost)  
  17  1:00  Pylon  
  17  1:05  Probe (Chrono Boost)  
  17  1:11  Assimilator  
  18  1:15  Probe (Chrono Boost)  
  19  1:26  Probe (Chrono Boost)  
  20  1:36  Probe (Chrono Boost)  
  20  1:38  Cybernetics Core  
  21  1:40  Pylon  
  21  1:43  Gateway  
  21  1:45  Zealot  
  23  1:49  Probe (Chrono Boost)  
  24  2:00  Probe (Chrono Boost)  
  25  2:10  Probe (Chrono Boost)  
  25  2:12  Zealot  
  28  2:21  Probe (Chrono Boost)  
  29  2:23  Assimilator  
  29  2:28  Forge  
  29  2:31  Probe (Chrono Boost)  
  29  2:32  Stalker  
  32  2:42  Probe (Chrono Boost)  
  33  2:49  Stalker  
  35  2:52  Probe (Chrono Boost)  
  36  3:03  Probe (Chrono Boost)  
  37  3:07  Zealot  
  35  3:23  Photon Cannon  
  35  3:24  Photon Cannon  
  15  4:27  Nexus  
  14  4:49  Pylon  
  14  4:54  Probe (Chrono Boost)  
  15  5:19  Probe (Chrono Boost)  
Tags
 
Add a new tag
Caveats
  • Supply blocks, unpowered buildings, or Contaminate may cause inaccurate times.
  • Supply counts are checked every 10 seconds.